 Dungeon Crawl Stone Soup version 0.24-a0-434-gd57e52fea8 (webtiles) character file.

Game seed: 11823260460496259960

198 theanonym the Insei (level 5, 0/43 HPs)
             Began as a Demonspawn Monk on June 15, 2019.
             Killed themself with a badly aimed iceblast (7 damage)
             ... on level 3 of the Dungeon.
             The game lasted 00:04:07 (3902 turns).

theanonym the Insei (Demonspawn Monk)               Turns: 3902, Time: 00:04:07

Health: 0/43       AC:  4    Str: 12    XL:     5   Next: 47%
Magic:  5/5        EV: 12    Int: 12    God:
Gold:   177        SH:  0    Dex: 15    Spells: 4/4 levels left

rFire    + . .     SeeInvis .     - Unarmed
rCold    . . .     Gourm    .   (no shield)
rNeg     . . .     Faith    .   d - +0 leather armour
rPois    .         Spirit   .   (no helmet)
rElec    .         Reflect  .   (no cloak)
rCorr    .         Harm     .   (no gloves)
MR       .....                  (no boots)
Stlth    ++........             m - amulet of magic regeneration
HPRegen  0.14/turn              s - +1 ring of protection
MPRegen  0.34/turn              (no ring)

@: no status effects
A: fire resistance 1, powered by pain 2
a: no special abilities


Innate Abilities, Weirdness & Mutations

Your flesh is heat resistant. (rF+)
You sometimes gain power by taking damage.


   Skills:
 + Level 4.3 Fighting
 - Level 2.7 Dodging
 - Level 1.8 Stealth
 + Level 4.9 Unarmed Combat


You had 4 spell levels left.
You didn't know any spells.
Your spell library was empty.

Skill      XL: |  1  2  3  4 |
---------------+-------------+-----
Unarmed Combat | 3 4 |  4.9
Fighting       | 4 |  4.3
Dodging        | |  2.7
Stealth        | |  1.8

Action                   |  1- 3 |  4- 6 || total
-------------------------+-------+-------++-------
Melee: Unarmed           |   137 |   174 ||   311
       Punch             |     1 |     3 ||     4
  Use: Scroll            |       |     3 ||     3
 Stab: Sleeping          |     2 |     2 ||     4
       Distracted        |       |     1 ||     1
  Eat: Chunk             |     1 |     9 ||    10
Armor: Robe              |    24 |     5 ||    29
       Leather armour    |       |    44 ||    44
Dodge: Dodged            |   114 |   118 ||   232

Inventory:

Armour
 a - a +0 robe
 d - a +0 leather armour (worn)
Jewellery
 m - an amulet of magic regeneration (around neck)
 s - a +1 ring of protection (left hand)
Wands
 i - a wand of random effects (11)
 j - a wand of flame (26)
Scrolls
 b - a scroll of teleportation {unknown}
 c - a scroll of amnesia {unknown}
 f - a scroll of noise {unknown}
 n - 3 scrolls of remove curse {unknown}
 o - a scroll of fog {unknown}
 r - 2 scrolls of identify
 u - a scroll of magic mapping {unknown}
Potions
 g - a potion of experience {unknown}
 h - 3 potions of haste
 k - a potion of lignification {unknown}
 l - 2 potions of flight {unknown}
 p - a potion of heal wounds {unknown}
 t - a potion of degeneration {unknown}
 w - 2 potions of curing
Comestibles
 e - 4 rations


You were on level 3 of the Dungeon.
You were not hungry.

You visited 1 branch of the dungeon, and saw 3 of its levels.

You collected 177 gold pieces.

Dungeon Overview and Level Annotations

Branches:
Dungeon (3/15)

Altars:
Ashenzari
Dithmenos
Fedhas

############# #######
..........?. ....... ##.........#
#..... ####### ...........# #...
#.....#
#..........####.#########.....##
................................
#..........###..#########.......
#..........###.)# #...........
.#.####.........@# #.......##..
.#.#...........#.#####.......##..
...............'.............####
.#.#...........##............####
.#.#...........##................
.#.............##.####...........
.###.#.......).##..# #####.#.....
.# # #.#.#########.#######.######
.# #.#...#.....................


There were no monsters in sight!

Notes
Turn   | Place    | Note
-------+----------+-------------------------------------------
     0 | D:1      | theanonym the Demonspawn Monk began the quest for the Orb.
     0 | D:1      | Reached XP level 1. HP: 18/18 MP: 1/1
   217 | D:1      | Reached skill level 3 in Unarmed Combat
   320 | D:1      | Gained mutation: You sometimes gain a little power by
                  | taking damage. [demonic ancestry]
   320 | D:1      | Reached XP level 2. HP: 24/24 MP: 2/2
   935 | D:2      | Noticed Jessica
   941 | D:2      | HP: 12/24 [Jessica/puff of flame (9)]
  1169 | D:2      | Reached XP level 3. HP: 23/29 MP: 3/3
  1316 | D:2      | HP: 12/29 [Jessica (3)]
  1317 | D:2      | Killed Jessica
  1332 | D:2      | HP: 13/30 [jackal (1)]
  1340 | D:2      | Reached skill level 4 in Unarmed Combat
  1340 | D:2      | Gained mutation: Your flesh is heat resistant. (rF+)
                  | [demonic ancestry]
  1340 | D:2      | Reached XP level 4. HP: 15/37 MP: 4/4
  1578 | D:2      | Found a blossoming altar of Fedhas.
  2350 | D:3      | Found a shadowy altar of Dithmenos.
  2458 | D:3      | Reached skill level 4 in Fighting
  2587 | D:3      | Found a shattered altar of Ashenzari.
  2794 | D:3      | Gained mutation: You sometimes gain power by taking damage.
                  | [demonic ancestry]
  2794 | D:3      | Reached XP level 5. HP: 27/42 MP: 5/5
  2804 | D:3      | HP: 21/42 [poisoned by an adder]
  2810 | D:3      | HP: 20/42 [poisoned by an adder]
  2818 | D:3      | HP: 19/42 [poisoned by an adder]
  3023 | D:3      | HP: 20/42 [gnoll/+2 spear of flaming (8)]
  3045 | D:2      | HP: 17/42 [gnoll (6)]
  3425 | D:3      | HP: 21/42 [adder (4)]
  3430 | D:3      | HP: 14/42 [poisoned by an adder]
  3435 | D:3      | HP: 10/42 [poisoned by an adder]
  3440 | D:3      | HP: 8/42 [poisoned by an adder]
  3445 | D:3      | HP: 7/42 [poisoned by an adder]
  3452 | D:3      | HP: 6/42 [poisoned by an adder]
  3460 | D:3      | HP: 5/42 [poisoned by an adder]
  3892 | D:3      | HP: 11/42 [gnoll/+3 rapier of holy wrath (11)]
  3892 | D:3      | HP: 5/42 [gnoll/+3 rapier of holy wrath (6)]
  3902 | D:3      | Killed themself with a badly aimed iceblast

Vanquished Creatures
  An orc priest (D:3)
  Jessica (D:2)
  4 adders
  3 gnolls
  2 worms (D:3)
  A dart slug (D:1)
  A leopard gecko (D:2)
  3 orcs (D:3)
  2 ball pythons (D:3)
  9 bats
  2 giant cockroaches
  7 goblins
  6 hobgoblins
  5 jackals
  7 kobolds
  2 quokkas
  3 frilled lizards
  6 rats
65 creatures vanquished.

Table legend:
 A = Turns spent in this place as a percentage of turns spent in the entire game.
 B = Non-inter-level travel turns spent in this place as a percentage of non-inter-level travel turns spent in the entire game.
 C = Inter-level travel turns spent in this place as a percentage of turns spent in this place.
 D = Turns resting spent in this place as a percentage of non-inter-level travel turns spent in this place.
 E = Turns spent auto-exploring this place as a percentage of non-inter-level travel turns spent in this place.
 F = Non-inter-level travel turns spent in this place divided by the number of levels of this place that you've seen.
                   A       B       C       D       E      F
               +-------+-------+-------+-------+-------+----------------------
         Total | 100.0 | 100.0 |   4.7 |  40.6 |  42.0 | 1239.7
       Dungeon | 100.0 | 100.0 |   4.7 |  40.6 |  42.0 | 1239.7
               +-------+-------+-------+-------+-------+----------------------
